[ AOE2 MATCH · #495601239 ]
UnrankedMongols vs Malians
Player's team · WIN
Rival team · LOSS
[ REPLAY ANALYSIS · EXTRACTED FROM THE RECORDED GAME ]
Feudal
8:02
Castle
22:50
Imperial
—
| APM avg | 63.2 |
| APM peak | 137 |
| eAPM avg | 21.5 |
| Villagers / military | 42 / 40 |
Focus
⚔️ 39.5% · 🌾 60.5%
Archer ×32 · Militia ×5 · Mangonel ×2 · Skirmisher ×1
Feudal
10:08
Castle
21:29
Imperial
—
| APM avg | 34.9 |
| APM peak | 69 |
| eAPM avg | 13.1 |
| Villagers / military | 42 / 8 |
Focus
⚔️ 31.3% · 🌾 68.7%
Fishing Ship ×4 · Skirmisher ×3 · Scout Cavalry ×3 · Knight ×2
Match map
Initial resources + every placement click. Lines = walls · curves = elevation contours. ◆ gold · ⬟ stone · ● berries · ✦ relic · ◌ wall gap
Your base· Open — unwalled flank
brantosaurus's base· Open — 4t gap
Smoothed initial terrain · ◌ = detected wall gap · hover for details
Inputs per minute
— DS_Rene Lavand - - brantosaurus
Build order — DS_Rene Lavand
First 150 of 173 actions detected
| 0:02 | Create | Villager (Male) |
| 0:02 | Create | Villager (Male) |
| 0:02 | Create | Villager (Male) |
| 0:03 | Create | Villager (Male) |
| 0:03 | Create | Villager (Male) |
| 0:04 | Build | House |
| 0:06 | Build | House |
| 1:35 | Create | Villager (Male) |
| 1:35 | Create | Villager (Male) |
| 1:54 | Build | Lumber Camp |
| 1:57 | Create | Villager (Male) |
| 2:10 | Create | Villager (Male) |
| 2:10 | Create | Villager (Male) |
| 2:31 | Create | Villager (Male) |
| 2:49 | Create | Villager (Male) |
| 2:49 | Create | Villager (Male) |
| 3:12 | Create | Villager (Male) |
| 3:19 | Create | Villager (Male) |
| 3:33 | Build | House |
| 4:24 | Create | Villager (Male) |
| 4:24 | Create | Villager (Male) |
| 4:24 | Create | Villager (Male) |
| 4:24 | Create | Villager (Male) |
| 4:42 | Build | Barracks |
| 5:37 | Build | House |
| 5:50 | Research | Feudal Age |
| 5:51 | Research | Loom |
| 6:19 | Create | Militia |
| 6:19 | Create | Militia |
| 6:20 | Create | Militia |
| 6:30 | Build | Mining Camp |
| 6:57 | Create | Militia |
| 7:35 | Create | Militia |
| 7:42 | Build | House |
| 8:02 | Age | Feudal Age |
| 8:05 | Build | Archery Range |
| 8:11 | Research | Man-at-Arms (upgrade) |
| 8:13 | Create | Villager (Male) |
| 9:08 | Create | Archer |
| 9:09 | Create | Archer |
| 9:12 | Build | Watch Tower |
| 9:13 | Create | Villager (Male) |
| 9:13 | Create | Villager (Male) |
| 9:14 | Create | Villager (Male) |
| 9:18 | Create | Villager (Male) |
| 9:18 | Create | Villager (Male) |
| 9:38 | Create | Archer |
| 9:39 | Create | Archer |
| 10:15 | Build | Blacksmith |
| 10:35 | Create | Archer |
| 10:35 | Create | Archer |
| 10:38 | Create | Villager (Male) |
| 10:38 | Create | Villager (Male) |
| 10:50 | Build | Mill |
| 11:01 | Build | Palisade Wall |
| 11:02 | Build | Palisade Wall |
| 11:03 | Build | Palisade Wall |
| 11:03 | Build | Palisade Wall |
| 11:04 | Build | Palisade Wall |
| 11:04 | Build | Palisade Wall |
| 11:25 | Create | Archer |
| 11:25 | Create | Archer |
| 11:31 | Create | Villager (Male) |
| 12:15 | Build | House |
| 12:20 | Build | Market |
| 12:24 | Research | Fletching |
| 12:24 | Create | Villager (Male) |
| 12:27 | Create | Archer |
| 12:27 | Create | Archer |
| 12:31 | Build | House |
| 13:02 | Create | Archer |
| 13:12 | Build | House |
| 13:13 | Create | Villager (Male) |
| 13:15 | Build | Farm |
| 13:40 | Create | Villager (Male) |
| 13:45 | Build | Watch Tower |
| 14:00 | Create | Archer |
| 14:01 | Create | Archer |
| 14:07 | Create | Villager (Male) |
| 14:09 | Build | Farm |
| 14:25 | Create | Archer |
| 14:25 | Create | Archer |
| 14:25 | Create | Archer |
| 15:24 | Create | Archer |
| 15:24 | Create | Archer |
| 15:24 | Create | Archer |
| 15:25 | Create | Villager (Male) |
| 15:25 | Create | Villager (Male) |
| 15:28 | Build | Mining Camp |
| 15:33 | Build | Palisade Wall |
| 15:34 | Build | Palisade Wall |
| 15:36 | Build | Palisade Wall |
| 15:36 | Build | Palisade Wall |
| 15:37 | Build | Palisade Wall |
| 15:38 | Build | Palisade Wall |
| 15:39 | Build | Palisade Wall |
| 15:40 | Build | Palisade Wall |
| 15:50 | Build | Farm |
| 15:51 | Build | Farm |
| 15:51 | Build | Farm |
| 15:52 | Build | Farm |
| 15:52 | Build | Farm |
| 15:52 | Build | Farm |
| 15:52 | Build | Farm |
| 15:53 | Build | Farm |
| 16:04 | Create | Archer |
| 16:04 | Create | Archer |
| 16:09 | Create | Villager (Male) |
| 16:12 | Build | Farm |
| 16:17 | Create | Archer |
| 16:18 | Create | Villager (Male) |
| 16:55 | Create | Skirmisher |
| 16:55 | Create | Archer |
| 16:56 | Create | Villager (Male) |
| 17:30 | Create | Archer |
| 17:39 | Build | Watch Tower |
| 17:49 | Build | House |
| 17:53 | Build | Farm |
| 17:55 | Build | Farm |
| 17:56 | Build | Farm |
| 17:56 | Build | Farm |
| 17:56 | Build | Farm |
| 17:56 | Build | Farm |
| 17:57 | Build | Farm |
| 17:57 | Build | Farm |
| 18:20 | Create | Archer |
| 18:20 | Create | Archer |
| 18:27 | Create | Villager (Male) |
| 18:57 | Build | Watch Tower |
| 19:08 | Build | Farm |
| 19:14 | Build | Palisade Wall |
| 19:15 | Build | Palisade Wall |
| 19:16 | Build | Palisade Wall |
| 19:17 | Build | Palisade Wall |
| 19:19 | Build | Palisade Wall |
| 19:20 | Build | Palisade Wall |
| 19:20 | Build | Palisade Wall |
| 19:21 | Build | Palisade Wall |
| 19:21 | Build | Palisade Wall |
| 19:22 | Build | Palisade Wall |
| 19:22 | Build | Palisade Wall |
| 19:22 | Build | Palisade Wall |
| 19:22 | Build | Palisade Wall |
| 19:23 | Build | Palisade Wall |
| 19:24 | Build | Palisade Wall |
| 19:29 | Create | Archer |
| 19:29 | Create | Archer |
| 19:30 | Create | Archer |
| 19:56 | Build | Palisade Wall |
| 20:10 | Research | Castle Age |
Build order — brantosaurus
104 actions detected in the replay
| 0:00 | Create | Villager (Male) |
| 0:00 | Create | Villager (Male) |
| 0:02 | Build | House |
| 0:03 | Build | House |
| 0:06 | Create | Villager (Male) |
| 0:11 | Create | Villager (Male) |
| 1:25 | Create | Villager (Male) |
| 1:49 | Create | Villager (Male) |
| 1:55 | Build | Lumber Camp |
| 2:22 | Create | Villager (Male) |
| 2:23 | Create | Villager (Male) |
| 3:14 | Create | Villager (Male) |
| 3:14 | Create | Villager (Male) |
| 3:42 | Create | Villager (Male) |
| 3:43 | Create | Villager (Male) |
| 3:54 | Build | House |
| 4:09 | Create | Villager (Male) |
| 4:14 | Create | Villager (Male) |
| 4:22 | Create | Villager (Male) |
| 4:30 | Build | Dock |
| 4:35 | Build | House |
| 5:06 | Create | Villager (Male) |
| 5:35 | Create | Fishing Ship |
| 5:36 | Create | Fishing Ship |
| 5:49 | Create | Villager (Male) |
| 6:09 | Create | Villager (Male) |
| 6:09 | Create | Villager (Male) |
| 6:19 | Create | Villager (Male) |
| 6:26 | Create | Villager (Male) |
| 6:33 | Build | Mill |
| 7:02 | Create | Villager (Male) |
| 7:05 | Create | Villager (Male) |
| 7:12 | Create | Fishing Ship |
| 7:33 | Research | Loom |
| 7:42 | Build | House |
| 7:46 | Research | Feudal Age |
| 7:47 | Research | Feudal Age |
| 8:01 | Build | Lumber Camp |
| 8:16 | Build | Palisade Wall |
| 8:18 | Build | Palisade Wall |
| 8:25 | Build | Palisade Wall |
| 8:26 | Build | Palisade Wall |
| 8:27 | Build | Palisade Wall |
| 8:30 | Build | Palisade Wall |
| 8:48 | Build | House |
| 9:02 | Build | Palisade Wall |
| 9:13 | Create | Villager (Male) |
| 9:20 | Build | House |
| 9:23 | Build | Palisade Wall |
| 9:57 | Create | Villager (Male) |
| 10:08 | Age | Feudal Age |
| 10:25 | Create | Villager (Male) |
| 10:49 | Build | Watch Tower |
| 10:56 | Create | Villager (Male) |
| 10:56 | Create | Villager (Male) |
| 11:18 | Create | Villager (Male) |
| 11:43 | Build | Barracks |
| 11:45 | Build | Mining Camp |
| 11:46 | Create | Villager (Male) |
| 11:46 | Create | Villager (Male) |
| 11:49 | Build | Palisade Wall |
| 11:53 | Build | Palisade Wall |
| 11:58 | Build | House |
| 12:13 | Create | Villager (Male) |
| 12:48 | Create | Villager (Male) |
| 12:54 | Build | Archery Range |
| 13:11 | Build | House |
| 13:13 | Build | House |
| 13:20 | Build | House |
| 13:25 | Build | Palisade Wall |
| 13:27 | Build | Palisade Wall |
| 13:40 | Create | Villager (Male) |
| 13:41 | Create | Villager (Male) |
| 13:55 | Create | Skirmisher |
| 14:15 | Create | Villager (Male) |
| 14:35 | Create | Skirmisher |
| 14:35 | Create | Skirmisher |
| 14:36 | Create | Villager (Male) |
| 14:41 | Research | Horse Collar |
| 14:42 | Create | Villager (Male) |
| 15:40 | Build | Lumber Camp |
| 16:31 | Build | Farm |
| 16:40 | Build | House |
| 17:14 | Build | Market |
| 18:49 | Research | Castle Age |
| 18:55 | Build | Dock |
| 19:11 | Build | House |
| 19:15 | Build | House |
| 19:18 | Build | House |
| 20:16 | Build | House |
| 20:56 | Create | Fishing Ship |
| 20:58 | Create | Villager (Male) |
| 20:58 | Create | Villager (Male) |
| 21:29 | Age | Castle Age |
| 21:30 | Build | Stable |
| 21:40 | Research | Double-Bit Axe |
| 21:49 | Create | Villager (Male) |
| 21:49 | Create | Villager (Male) |
| 22:29 | Create | Knight |
| 22:30 | Create | Knight |
| 22:34 | Create | Scout Cavalry |
| 23:14 | Build | House |
| 23:43 | Create | Scout Cavalry |
| 23:43 | Create | Scout Cavalry |
Match timeline
| 4:30 | brantosaurus · first_building Dock |
| 4:42 | DS_Rene Lavand · first_building Barracks |
| 8:02 | DS_Rene Lavand · age_up feudal |
| 8:05 | DS_Rene Lavand · first_building Archery Range |
| 8:16 | brantosaurus · wall_segment Palisade Wall x1 |
| 8:18 | brantosaurus · wall_segment Palisade Wall x6 |
| 8:25 | brantosaurus · wall_segment Palisade Wall x1 |
| 8:26 | brantosaurus · wall_segment Palisade Wall x1 |
| 8:27 | brantosaurus · wall_segment Palisade Wall x1 |
| 8:30 | brantosaurus · wall_segment Palisade Wall x4 |
| 9:02 | brantosaurus · wall_segment Palisade Wall x1 |
| 9:23 | brantosaurus · wall_segment Palisade Wall x1 |
| 10:08 | brantosaurus · age_up feudal |
| 11:01 | DS_Rene Lavand · wall_segment Palisade Wall x1 |
| 11:02 | DS_Rene Lavand · wall_segment Palisade Wall x1 |
| 11:03 | DS_Rene Lavand · wall_segment Palisade Wall x2 |
| 11:03 | DS_Rene Lavand · wall_segment Palisade Wall x1 |
| 11:04 | DS_Rene Lavand · wall_segment Palisade Wall x2 |
| 11:04 | DS_Rene Lavand · wall_segment Palisade Wall x1 |
| 11:43 | brantosaurus · first_building Barracks |
| 11:49 | brantosaurus · wall_segment Palisade Wall x1 |
| 11:53 | brantosaurus · wall_segment Palisade Wall x10 |
| 12:54 | brantosaurus · first_building Archery Range |
| 13:25 | brantosaurus · wall_segment Palisade Wall x1 |
| 13:27 | brantosaurus · wall_segment Palisade Wall x4 |
| 13:41 | DS_Rene Lavand · first_market_sell 100 wood |
| 13:43 | DS_Rene Lavand · first_market_buy 100 stone |
| 15:33 | DS_Rene Lavand · wall_segment Palisade Wall x1 |
| 15:34 | DS_Rene Lavand · wall_segment Palisade Wall x1 |
| 15:36 | DS_Rene Lavand · wall_segment Palisade Wall x1 |
| 15:36 | DS_Rene Lavand · wall_segment Palisade Wall x1 |
| 15:37 | DS_Rene Lavand · wall_segment Palisade Wall x1 |
| 15:38 | DS_Rene Lavand · wall_segment Palisade Wall x2 |
| 15:39 | DS_Rene Lavand · wall_segment Palisade Wall x1 |
| 15:40 | DS_Rene Lavand · wall_segment Palisade Wall x1 |
| 18:46 | brantosaurus · first_market_buy 100 food |
| 19:14 | DS_Rene Lavand · wall_segment Palisade Wall x1 |
| 19:15 | DS_Rene Lavand · wall_segment Palisade Wall x1 |
| 19:16 | DS_Rene Lavand · wall_segment Palisade Wall x1 |
| 19:17 | DS_Rene Lavand · wall_segment Palisade Wall x1 |
| 19:19 | DS_Rene Lavand · wall_segment Palisade Wall x1 |
| 19:20 | DS_Rene Lavand · wall_segment Palisade Wall x1 |
| 19:20 | DS_Rene Lavand · wall_segment Palisade Wall x1 |
| 19:21 | DS_Rene Lavand · wall_segment Palisade Wall x1 |
| 19:21 | DS_Rene Lavand · wall_segment Palisade Wall x1 |
| 19:22 | DS_Rene Lavand · wall_segment Palisade Wall x2 |
| 19:22 | DS_Rene Lavand · wall_segment Palisade Wall x1 |
| 19:22 | DS_Rene Lavand · wall_segment Palisade Wall x2 |
| 19:22 | DS_Rene Lavand · wall_segment Palisade Wall x2 |
| 19:23 | DS_Rene Lavand · wall_segment Palisade Wall x1 |
| 19:24 | DS_Rene Lavand · wall_segment Palisade Wall x1 |
| 19:56 | DS_Rene Lavand · wall_segment Palisade Wall x1 |
| 21:29 | brantosaurus · age_up castle |
| 21:30 | brantosaurus · first_building Stable |
| 22:50 | DS_Rene Lavand · age_up castle |
| 23:06 | DS_Rene Lavand · first_building Siege Workshop |
| 24:26 | DS_Rene Lavand · first_building Monastery |
| 24:53 | brantosaurus · resign |
[ AI ANALYSIS · 1 CREDIT ]
What really happened in this match?
Wolo.gg analyzes every decision: build order, eco, micro, common mistakes by bracket. Personalized analysis on WhatsApp or Discord in 30 seconds.
Civ guide
Mongols
Perfil
DS_Rene Lavand